Map: Ephemeron LE

Players

liquidthermy (uThermal)

  • Race: Terran Terran
  • Spawn Location: 11:00

Cure - Winner!

  • Race: Terran Terran
  • League: Master
  • Spawn Location: 5:00

VOD

Have the link to the VOD?

Description

Time

  • Played on: Jan. 14, 2020, 4:10 p.m.
  • Length: 10:18
Show
View Real Time Build Order
Export as new Build Order

liquidthermy Terran 

Build Orders: Gas First Reaper Expand, Liberator Opening, Mech 

Get SALT Encoding   

  12  0:01  SCV  
  13  0:13  SCV  
  14  0:17  Supply Depot  
  14  0:25  SCV  
  15  0:29  Refinery  
  15  0:38  SCV  
  16  0:44  Barracks  
  16  0:50  SCV  
  17  1:02  SCV  
  18  1:14  SCV  
  19  1:31  Orbital Command, Reaper  
  20  1:44  Command Center  
  20  1:57  SCV  
  20  1:59  Factory  
  21  2:06  Barracks Reactor  
  21  2:09  SCV  
  21  2:13  Supply Depot  
  22  2:21  SCV, Refinery  
  23  2:35  SCV  
  24  2:43  Starport  
  24  2:47  SCV  
  24  2:49  Hellion x2  
  29  2:58  Orbital Command  
  29  2:59  SCV  
  30  3:08  Liberator  
  30  3:10  Hellion  
  30  3:11  SCV  
  31  3:15  Hellion  
  36  3:28  SCV  
  36  3:33  Hellion  
  40  3:37  Hellion  
  40  3:40  Supply Depot  
  41  3:41  SCV  
  41  3:43  SCV  
  41  3:45  Barracks Tech Lab  
  43  3:53  SCV  
  43  3:55  Hellion  
  46  4:02  Hellion  
  48  4:04  SCV, Supply Depot, Refinery  
  49  4:14  Raven  
  49  4:15  SCV  
  52  4:17  SCV  
  53  4:27  Marine x2, SCV  
  53  4:28  Supply Depot  
  53  4:29  SCV  
  57  4:33  Factory Tech Lab  
  57  4:39  SCV  
  57  4:41  SCV  
  57  4:45  Marine x2  
  59  4:51  SCV  
  49  4:53  SCV  
  49  4:58  Raven  
  50  5:02  Marine x2  
  50  5:03  SCV  
  50  5:05  SCV  
  50  5:06  Cyclone  
  52  5:10  Command Center  
  49  5:15  SCV  
  49  5:17  SCV  
  49  5:20  Marine x2  
  53  5:27  SCV  
  54  5:29  Refinery  
  54  5:30  SCV  
  53  5:39  Siege Tank  
  53  5:40  SCV  
  53  5:42  SCV  
  58  5:45  Bunker  
  58  5:50  Supply Depot, Viking x2  
  58  5:52  SCV  
  58  5:54  SCV  
  63  6:04  SCV  
  64  6:06  SCV  
  64  6:11  Siege Tank  
  62  6:16  SCV  
  62  6:18  SCV  
  60  6:20  Medivac, Viking  
  60  6:25  Orbital Command  
  64  6:28  SCV  
  64  6:30  SCV  
  66  6:40  SCV  
  66  6:41  Armory  
  66  6:42  SCV  
  66  6:43  Siege Tank  
  71  6:47  Armory  
  71  6:51  Viking x2  
  71  6:52  SCV  
  76  6:54  SCV  
  76  7:00  Engineering Bay  
  77  7:04  SCV, Supply Depot  
  77  7:06  SCV  
  79  7:14  Factory  
  79  7:15  Factory, Orbital Command  
  79  7:16  SCV  
  79  7:18  Barracks Reactor  
  79  7:21  Siege Tank  
  79  7:22  SCV  
  84  7:29  Viking  
  86  7:31  SCV  
  86  7:36  SCV, Supply Depot  
  88  7:41  Viking  
  88  7:42  SCV  
  91  7:45  SCV  
  91  7:50  SCV  
  89  7:53  Siege Tank  
  89  7:56  SCV  
  93  8:05  Viking  
  89  8:07  SCV  
  89  8:11  Viking  
  89  8:14  SCV  
  89  8:18  SCV  
  85  8:22  SCV  
  85  8:25  Siege Tank  
  85  8:26  SCV  
  66  8:30  Orbital Command  
  54  8:35  SCV, Viking  
  54  8:38  SCV  
  57  8:45  Viking  
  57  8:47  SCV  
  59  8:51  SCV  
  59  8:55  SCV  
  59  8:59  SCV  
  60  9:03  SCV  
  60  9:07  Siege Tank  
  60  9:08  Orbital Command  
  65  9:11  SCV  
  65  9:15  SCV  
  66  9:23  SCV, Viking  
  69  9:24  Factory Reactor  
  69  9:27  SCV  
  70  9:35  SCV  
  70  9:38  SCV  
  72  9:39  SCV  
  73  9:47  SCV  
  73  9:51  SCV  
  75  9:57  Missile Turret  
  75  9:59  SCV  
  79  10:00  Missile Turret  
  79  10:04  SCV  
Show
View Real Time Build Order
Export as new Build Order

Cure Terran - Winner!

Build Orders:  

Get SALT Encoding   

  12  0:00  SCV  
  13  0:13  SCV  
  14  0:17  Supply Depot  
  14  0:25  SCV  
  14  0:27  Refinery  
  15  0:39  SCV  
  16  0:44  Barracks  
  16  0:51  SCV  
  16  0:55  Refinery  
  17  1:03  SCV  
  18  1:15  SCV  
  19  1:31  Factory, Orbital Command  
  19  1:35  Reaper  
  20  1:44  Supply Depot  
  20  1:56  SCV  
  21  2:07  Reaper  
  22  2:09  SCV  
  22  2:15  Hellion  
  25  2:21  SCV  
  25  2:30  Command Center  
  25  2:33  SCV  
  25  2:39  Hellion  
  25  2:40  Reaper  
  28  2:46  Supply Depot  
  28  2:48  SCV  
  29  3:01  SCV, Starport  
  30  3:08  Factory Tech Lab  
  30  3:13  SCV  
  30  3:14  Barracks Tech Lab  
  31  3:25  SCV  
  35  3:27  Cyclone  
  35  3:37  SCV  
  36  3:43  Barracks Reactor, Banshee  
  36  3:45  Refinery  
  36  3:47  Orbital Command  
  39  3:50  SCV  
  40  3:59  Siege Tank  
  40  4:02  SCV  
  44  4:08  Supply Depot  
  44  4:13  SCV  
  44  4:14  SCV  
  46  4:19  Marine x2  
  48  4:25  SCV  
  48  4:26  Raven, SCV  
  52  4:33  Supply Depot  
  52  4:37  Marine x2, SCV  
  55  4:38  SCV  
  55  4:43  Siege Tank  
  59  4:49  SCV  
  59  4:51  SCV  
  52  4:58  Marine  
  52  4:59  Marine  
  52  5:01  SCV  
  52  5:03  SCV  
  53  5:13  SCV  
  54  5:15  SCV  
  54  5:16  Marine x2  
  54  5:17  Siege Tank  
  60  5:26  SCV, Raven, Supply Depot  
  60  5:27  SCV  
  64  5:36  Marine x2  
  64  5:38  SCV  
  64  5:39  SCV  
  68  5:45  Refinery  
  68  5:46  Command Center  
  68  5:50  SCV, Siege Tank  
  68  5:51  SCV  
  73  5:59  Marine x2  
  73  6:02  SCV  
  73  6:03  SCV  
  74  6:14  SCV  
  74  6:15  SCV  
  74  6:18  Marine x2  
  72  6:19  Raven  
  74  6:26  SCV, Barracks x2  
  74  6:27  SCV  
  76  6:34  Supply Depot x2  
  76  6:35  Siege Tank  
  76  6:38  SCV  
  76  6:39  SCV  
  78  6:46  Engineering Bay x2  
  78  6:51  Barracks  
  78  6:52  Barracks  
  78  6:55  Marine x2, SCV x2  
  78  6:58  Orbital Command  
  82  7:07  SCV x2  
  84  7:11  Siege Tank  
  84  7:12  Starport Reactor  
  84  7:13  Marine x2  
  84  7:14  Terran Infantry Weapons Level 1, Terran Infantry Armor Level 1  
  89  7:17  Barracks Tech Lab  
  89  7:20  SCV x2  
  91  7:25  Marine  
  92  7:31  Marine x2  
  92  7:33  SCV x3  
  97  7:41  Marine x2  
  97  7:42  Marine  
  97  7:43  Marine, Siege Tank  
  104  7:49  Marine x2  
  106  7:59  Marine x3  
  106  8:00  Marine  
  107  8:06  Marine x2  
  107  8:07  Viking  
  96  8:17  Marine x3, Viking, Siege Tank  
  96  8:18  Marine  
  96  8:23  Orbital Command  
  96  8:24  Marine x2  
  77  8:35  Marine x3  
  77  8:36  Marine  
  75  8:42  Marine x2  
  75  8:47  Viking  
  79  8:51  SCV x3  
  79  8:53  Marine x3  
  85  8:59  Supply Depot  
  85  9:00  Supply Depot  
  85  9:08  Supply Depot  
  85  9:09  Supply Depot  
  85  9:10  Supply Depot x2  
  85  9:18  Barracks Reactor x2  
  85  9:21  Marine x3, SCV x3, Armory, Siege Tank  
  85  9:24  Refinery x2  
  94  9:33  SCV x3  
  94  9:35  Marine  
  98  9:38  Marine x2  
  98  9:39  Marine  
  98  9:43  Starport Reactor  
  98  9:45  SCV x3  
  104  9:53  Marine  
  104  9:56  Marine x2  
  104  9:57  SCV x3, Sensor Tower  
Tags
 
Add a new tag
Caveats
  • Supply blocks, unpowered buildings, or Contaminate may cause inaccurate times.
  • Supply counts are checked every 10 seconds.